 Dungeon Crawl Stone Soup version 0.31.0-12-g77e489cdc1 (webtiles) character file.

Game seed: 2722512143836638233

85288 Peloso the Fencer (level 15, -11/145 HPs)
             Began as a Minotaur Fighter on Feb 25, 2024.
             Was the Champion of Okawaru.
             Mangled by a war gargoyle
             ... wielding a +2 heavy great mace
              (46 damage)
             ... on level 13 of the Dungeon.
             The game lasted 00:53:32 (21843 turns).

Peloso the Fencer (Minotaur Fighter)               Turns: 21843, Time: 00:53:34

Health: -11/145    AC: 27    Str: 23    XL:     15   Next: 37%
Magic:  17/17      EV: 14    Int:  5    God:    Okawaru [******]
Gold:   2567       SH: 10    Dex: 23    Spells: 14/14 levels left

rFire   + . .        b - +9 demon blade of the Wizarding Firefly {venom, Dex+3}
rCold   . . .        d - +0 buckler
rNeg    + . .        o - +1 plate armour
rPois   .            (helmet restricted)
rElec   .            (no cloak)
rCorr   .            (no gloves)
SInv    .            p - +1 pair of boots of Pynem {Rampage *Slow rN+ Dex+5}
Will    +....        f - amulet of the acrobat Stlth
                     w - +4 ring of protection
HPRegen 0.44/turn    k - ring of protection from fire
MPRegen 0.15/turn

%: slow self (1%), acrobat, rampage
@: about to teleport, heroic
A: horns 2, retaliatory headbutt
a: Renounce Religion, Heroism, Finesse, Duel, Receive Weapon, Receive Armour


You were on level 13 of the Dungeon.
You worshipped Okawaru.
Okawaru was exalted by your worship.
You visited 4 branches of the dungeon, and saw 20 of its levels.
You also visited: Sewer, Bailey and Gauntlet.

You collected 2825 gold pieces.
You spent 258 gold pieces at shops.

Inventory:

Hand Weapons
 a - a +7 double sword of electrocution
 b - the +9 demon blade of the Wizarding Firefly (weapon) {venom, Dex+3}
   (You acquired it in a sewer)

   Dex+3:     It affects your dexterity (+3).
 c - the +7 falchion of the Ten Visions {flame, rElec rN+ Str+6}
   (You found it on level 5 of the Dungeon)

   Str+6:     It affects your strength (+6).
   rElec:     It insulates you from electricity.
   rN+:       It protects you from negative energy.
 q - the +9 falchion "Sity Efu" {speed, Dex+3}
   (You bought it in a shop on level 1 of the Orcish Mines)

   Dex+3:     It affects your dexterity (+3).
Armour
 d - a +0 buckler (worn)
 o - a +1 plate armour (worn)
 p - the +1 pair of boots of Pynem (worn) {Rampage *Slow rN+ Dex+5}
   (You acquired it in a sewer)

   Dex+5:     It affects your dexterity (+5).
   rN+:       It protects you from negative energy.
   *Slow:     It may slow you when you take damage.
   Rampage:   It bestows one free step when moving towards enemies.
Jewellery
 f - an amulet of the acrobat (around neck)
 k - a ring of protection from fire (right hand)
 w - a +4 ring of protection (left hand)
 A - a +6 ring of strength
 B - a ring of positive energy
 M - a ring of see invisible
 N - a ring of resist corrosion
 O - a ring of poison resistance
 S - a ring of protection from fire
Wands
 e - a wand of mindburst (6)
 y - a wand of roots (2)
 P - a wand of digging (3)
Scrolls
 l - 3 scrolls of fear
 n - a scroll of acquirement
 s - 3 scrolls of teleportation
 t - 2 scrolls of immolation
 z - 3 scrolls of noise
 D - a scroll of brand weapon
 L - 2 scrolls of poison
 V - 2 scrolls of revelation
Potions
 g - 4 potions of haste
 i - 5 potions of curing
 j - 4 potions of might
 m - a potion of brilliance
 r - 3 potions of berserk rage
 u - 6 potions of heal wounds
 v - 5 potions of invisibility
 x - 3 potions of enlightenment
Miscellaneous
 h - a lightning rod (4/4)


   Skills:
 + Level 16.3(21.3) Fighting
 + Level 18.5(23.5) Long Blades
 + Level 16.3(21.3) Armour
 + Level 4.3(9.3) Dodging
 + Level 2.2(7.2) Stealth
 + Level 13.6(18.6) Shields
 + Level 4.1 Invocations
 + Level 3.7 Evocations


You had 14 spell levels left.
You didn't know any spells.
Your spell library contained the following spells:

 Spells                   Type           Power      Damage    Failure   Level
 Magic Dart               Conj           0%         1d3       97%         1
 Shock                    Conj/Air       0%         1d3       97%         1
 Slow                     Hex            0%         N/A       97%         1
 Blink                    Tloc           0%         N/A       99%         2
 Searing Ray              Conj           0%         2d4       99%         2
 Sublimation of Blood     Necr           0%         N/A       99%         2
 Confusing Touch          Hex            0%         N/A       100%        3
 Sigil of Binding         Hex            0%         N/A       100%        3
 Swiftness                Air            0%         N/A       100%        3
 Vampiric Draining        Necr           0%         2d6       100%        3
 Airstrike                Air            0%         2d(0-16)  100%        4
 Fulminant Prism          Conj/Alch      0%         3d5       100%        4
 Petrify                  Alch/Erth      0%         N/A       100%        4
 Borgnjor's Vile Clutch   Necr/Erth      0%         N/A       100%        5
 Irradiate                Conj/Alch      0%         3d11      100%        5
 Borgnjor's Revivificati  Necr           0%         N/A       100%        8
 Death's Door             Necr           0%         N/A       100%        9
 Call Imp                 Summ           Unusable   N/A       N/A         2
 Animate Dead             Necr           Unusable   N/A       N/A         4
 Death Channel            Necr           Unusable   N/A       N/A         6
 Haunt                    Necr/Summ      Unusable   N/A       N/A         7

Dungeon Overview and Level Annotations

Branches:
Dungeon (13/15)            Temple (1/1) D:6            Lair (4/5) D:11
 Shoals (0/4) Lair:3        Snake (0/4) Lair:2          Orc (2/2) D:12
    Elf (0/3) Orc:2        Vaults (0/5) D:13          Sewer (visited)
 Bailey (visited)         Gauntlet (visited)
  Slime: Lair:4-5

Altars:
Ashenzari
Cheibriados
Dithmenos
Elyvilon
Fedhas
Gozag
Hepliaklqana
Kikubaaqudgha
Makhleb
Nemelex Xobeh
Okawaru
Qazlal
Ru
Sif Muna
Trog
Uskayaw
Vehumet
Wu Jian
Xom
Yredelemnul
Zin
The Shining One

Shops:
D:8 *   D:12 *   Orc:1 (   Orc:2 *[[(

Annotations:
Lair:1 Casa


Innate Abilities, Weirdness & Mutations

You have a pair of horns on your head.
You reflexively headbutt those who attack you in melee.


Message History

The shard of ice misses you.
A deep elf pyromancer comes into view.
It is wielding a +3 short sword of freezing.
The deep elf knight unwields a +0 shortbow.
The deep elf knight wields a +0 spear.
The deep elf knight closely misses you. The deep elf knight misses you.
You furiously retaliate!
You headbutt the deep elf knight! You miss the deep elf knight.
You headbutt the deep elf knight!
The deep elf knight is heavily wounded.
A war gargoyle comes into view. It is wielding a +2 heavy great mace.
The deep elf knight casts a spell at you.
You block the shard of ice.
Unknown command.
You hit the deep elf knight but do no damage.
The deep elf knight is poisoned.
The deep elf knight is heavily wounded.
The deep elf pyromancer mumbles some strange words.
The deep elf pyromancer blinks!
The deep elf knight hits you with a +0 spear!
* * * LOW HITPOINT WARNING * * *
You slash the deep elf knight!
The deep elf knight looks as sick as possible!
Your headbutt misses the deep elf knight.
The deep elf knight is almost dead.
The deep elf pyromancer gestures wildly while chanting.
The deep elf pyromancer blinks!
Unknown command.
You slice the deep elf knight!!
You kill the deep elf knight!
Okawaru accepts your kill.
The war gargoyle launches metal splinters at you.
The spray of metal splinters hits you but does no damage.
Unknown command.
As you read the scroll of teleportation, it crumbles to dust.
You feel strangely unstable.
The deep elf pyromancer mumbles some strange words.
You hit the war gargoyle but do no damage.
You headbutt the war gargoyle!
The war gargoyle is moderately damaged.
The war gargoyle hits you with a +2 heavy great mace!!!
You die...

.......# #...... .
#.....## ..
#......#...##...#
#.......#...#...
#..............#
###+#..............##
###...#...............#
##....H#@.............###
.H.....#9)...........###.
$..⌠...C).....#......##..
.......#..........#...##.
##.....#.....)....##.#.).
###...#..........###....
###○#...E.....## #....
9R#.e.......#####...
..#...........####..


You could see a war gargoyle (catching breath), a cyclops, a deep elf pyromancer
and a fire elemental (summoned).

Vanquished Creatures
  Rupert (D:12)
  Kirke (D:12)
  An orc warlord (Bailey)
  A minotaur (Gauntlet)
  Azrael (D:12)
  Josephine (D:12)
  Harold (Lair:2)
  3 hydras
  A catoblepas (Lair:4)
  4 ogre magi (Orc:2)
  A centaur warrior (D:13)
  Erica (D:11)
  22 two-headed ogres
  2 boulder beetles
  A hell knight (D:13)
  A hell hog (Gauntlet)
  A deep elf knight (D:13)
  Urug (Orc:1)
  A skeletal warrior (D:12)
  A necromancer (Lair:4)
  Pikel (D:8)
  A deep elf pyromancer (D:13)
  An orc sorcerer (Orc:2)
  An ugly thing (D:12)
  2 orc knights
  4 manticores
  An oklob plant (D:11)
  5 elephants (Lair:3)
  4 cyclopes
  2 black mambas
  2 kobold blastminers (Orc:1)
  A gargoyle (D:13)
  A black mamba (shapeshifter) (D:13)
  The ghost of tadhg the Thaumaturge, a novice DEFE of Sif Muna (D:5)
  10 cane toads
  4 rime drakes
  4 kobold demonologists
  10 komodo dragons
  An efreet (D:13)
  4 trolls
  A queen bee (shapeshifter) (D:13)
  2 polar bears (Lair:2)
  2 hornets
  A dream sheep (Lair:3)
  8 blink frogs
  Sigmund (D:2)
  A snapping turtle (Lair:3)
  2 centaur simulacra (Gauntlet)
  2 shadows
  A vampire (D:11)
  8 spriggans (Lair:2)
  A slime creature (D:7)
  46 yaks
  3 fire bats (Gauntlet)
  2 hogs (D:12)
  A water elemental (Lair:3)
  7 wraiths
  4 basilisks
  18 humans
  4 fire elementals (D:12)
  A warg (Orc:1)
  4 vampire mosquitoes
  A naga (Lair:2)
  The ghost of dogaso222 the Shooter, an amateur DEHu (D:3)
  3 acid dragons
  6 hell hounds
  19 water moccasins
  29 orc warriors
  2 meliai simulacra (Gauntlet)
  2 ice beasts
  6 black bears
  5 sky beasts
  4 laughing skulls
  27 ogres
  9 centaurs
  20 wolves
  8 kobold brigands
  A lemure (D:8)
  3 phantoms
  10 bullfrogs
  5 scorpions
  8 wights
  A hornet simulacrum (Gauntlet)
  4 killer bees (D:10)
  2 electric eels
  4 howler monkeys
  2 hounds
  2 jellies
  9 orc priests
  A sleepcap (D:5)
  19 orc wizards
  An iguana (D:5)
  8 hell rats
  3 polar bear simulacra (Lair:4)
  2 yak simulacra (Lair:4)
  5 wolf simulacra (Lair:4)
  Robin (D:2)
  10 gnolls
  12 adders
  7 river rats
  3 white imps
  3 ufetubi
  4 dart slugs
  3 ribbon worms
  91 orcs
  3 bats
  6 endoplasms
  3 giant cockroaches
  26 goblins
  15 hobgoblins
  18 kobolds
  3 quokkas
  20 ball pythons
  7 frilled lizards
  28 rats
  A river rat simulacrum (Lair:4)
  A spectral kobold (D:2)
724 creatures vanquished.

Vanquished Creatures (others)
  A centaur warrior (D:13)
  An orc (Orc:2)
  A ball python (D:1)
3 creatures vanquished.

Grand Total: 727 creatures vanquished

Notes
Turn   | Place    | Note
-------+----------+-------------------------------------------
     0 | D:1      | Peloso the Minotaur Fighter began the quest for the Orb.
     0 | D:1      | Reached XP level 1. HP: 19/19 MP: 0/0
   217 | D:1      | Reached XP level 2. HP: 25/27 MP: 1/1
   770 | D:2      | Reached XP level 3. HP: 33/33 MP: 2/2
   812 | D:2      | Noticed Sigmund
   848 | D:2      | Killed Sigmund
   849 | D:2      | Reached skill level 4 in Long Blades
   849 | D:2      | Reached skill level 1 in Dodging
   849 | D:2      | Reached XP level 4. HP: 27/41 MP: 3/3
   849 | D:2      | Reached XP level 5. HP: 31/47 MP: 4/4
   970 | D:2      | Found a faded altar of an unknown god.
  1216 | D:2      | Noticed Robin
  1225 | D:2      | Killed Robin
  1254 | D:2      | Reached XP level 6. HP: 51/53 MP: 5/5
  1714 | D:3      | Found a white marble altar of Elyvilon.
  1717 | D:3      | Reached skill level 5 in Long Blades
  2005 | D:3      | Found a snail-covered altar of Cheibriados.
  2239 | D:3      | Found a runed translucent gate.
  2241 | D:3      | Found a runed translucent gate.
  2241 | D:3      | Identified the +7 spear "Oteps" {venom, Will+ Dex+3}
  2241 | D:3      | Identified the +6 ring mail "Hararurph" {rF++ rCorr Str-3
                  | Stlth+}
  2242 | D:3      | Found a runed translucent gate.
  2258 | D:3      | Noticed dogaso222's ghost (amateur DEHu)
  2767 | D:4      | Noticed an ice beast
  2800 | D:4      | Killed an ice beast
  2801 | D:4      | Reached skill level 5 in Armour
  2801 | D:4      | Reached skill level 5 in Shields
  2953 | D:4      | Found a shadowy altar of Dithmenos.
  2958 | D:4      | Found a hide-covered altar of Uskayaw.
  2976 | D:4      | Reached skill level 6 in Long Blades
  2976 | D:4      | Reached XP level 7. HP: 54/60 MP: 6/6
  3002 | D:4      | Reached skill level 5 in Fighting
  3552 | D:5      | Entered Level 5 of the Dungeon
  3618 | D:5      | Reached skill level 1 in Stealth
  3628 | D:5      | Found a runed translucent gate.
  3628 | D:5      | Found a runed translucent gate.
  3630 | D:5      | Found a runed translucent gate.
  3630 | D:5      | Noticed a yak
  3631 | D:5      | Noticed tadhg's ghost (novice DEFE)
  3702 | D:5      | Identified the +4 short sword "Wuffif" {drain, ^Fragile rF-
                  | Int+6 Stlth+}
  3730 | D:5      | Identified the +7 falchion of the Ten Visions {flame, rElec
                  | rN+ Str+6}
  3778 | D:5      | Found a shimmering altar of Xom.
  3779 | D:5      | Found a shimmering altar of Xom.
  3779 | D:5      | Found a shimmering altar of Xom.
  3779 | D:5      | Found a shimmering altar of Xom.
  3779 | D:5      | Found a shimmering altar of Xom.
  4011 | D:5      | Reached skill level 7 in Long Blades
  4017 | D:5      | Found a glowing drain.
  4025 | Sewer    | Entered a sewer
  4291 | Sewer    | Reached XP level 8. HP: 65/69 MP: 7/7
  4386 | Sewer    | Identified 4 scrolls of acquirement
  4393 | Sewer    | Acquired the +9 demon blade of the Wizarding Firefly
                  | {venom, Dex+3}
  4406 | Sewer    | Acquired a +7 double sword of electrocution
  4424 | Sewer    | Acquired the +1 pair of boots of Pynem {Rampage *Slow rN+
                  | Dex+5}
  4602 | D:5      | Found a glowing silver altar of Zin.
  5219 | D:6      | Found a staircase to the Ecumenical Temple.
  5306 | Temple   | Entered the Ecumenical Temple
  5334 | Temple   | Became a worshipper of Warmaster Okawaru
  5531 | D:6      | Reached skill level 8 in Long Blades
  5962 | D:7      | Reached * piety under Okawaru
  5963 | D:7      | Reached skill level 9 in Long Blades
  5978 | D:7      | Noticed a hornet
  5980 | D:7      | Paralysed by a hornet for 3 turns
  5986 | D:7      | Killed a hornet
  6191 | D:7      | Reached XP level 9. HP: 75/75 MP: 8/8
  6204 | D:7      | Found a flagged portal.
  6216 | Bailey   | Entered a bailey
  6270 | Bailey   | Reached skill level 10 in Long Blades
  6313 | Bailey   | Reached ** piety under Okawaru
  6531 | Bailey   | Noticed an orc warlord
  6547 | Bailey   | Killed an orc warlord
  6547 | Bailey   | Noticed an orc knight
  6548 | Bailey   | Reached skill level 11 in Long Blades
  6558 | Bailey   | Killed an orc knight
  6558 | Bailey   | Reached *** piety under Okawaru
  6559 | Bailey   | Reached skill level 12 in Long Blades
  6559 | Bailey   | Reached XP level 10. HP: 16/86 MP: 9/9
  6785 | Bailey   | Reached skill level 10 in Armour
  6785 | Bailey   | Reached XP level 11. HP: 97/97 MP: 9/12
  7112 | D:7      | Reached skill level 13 in Long Blades
  7657 | D:8      | Noticed Pikel
  7676 | D:8      | Killed Pikel
  7676 | D:8      | Reached **** piety under Okawaru
  7861 | D:8      | Found Kazotauss's Demolitions Depot.
  8844 | D:9      | Found a sacrificial altar of Ru.
  8920 | D:9      | Noticed a two-headed ogre
  8926 | D:9      | Killed a two-headed ogre
  8927 | D:9      | Reached skill level 10 in Fighting
  9074 | D:9      | Noticed a two-headed ogre
  9080 | D:9      | Killed a two-headed ogre
  9080 | D:9      | Reached ***** piety under Okawaru
  9214 | D:9      | Reached skill level 14 in Long Blades
  9246 | D:9      | Noticed a two-headed ogre
  9255 | D:9      | Killed a two-headed ogre
  9497 | D:10     | Entered Level 10 of the Dungeon
  9530 | D:10     | Noticed a two-headed ogre
  9542 | D:10     | Killed a two-headed ogre
  9671 | D:10     | Reached XP level 12. HP: 107/107 MP: 14/14
 10017 | D:10     | Received a gift from Okawaru
 10513 | D:11     | Noticed Erica
 10523 | D:11     | Killed Erica
 10679 | D:11     | Noticed a four-headed hydra
 10686 | D:11     | Killed a one-headed hydra
 10875 | D:11     | Reached skill level 10 in Shields
 10934 | D:11     | Noticed a two-headed ogre
 10940 | D:11     | Killed a two-headed ogre
 11164 | D:11     | Found a shimmering blue altar of Sif Muna.
 11254 | D:11     | Reached skill level 15 in Long Blades
 11480 | D:11     | Found a staircase to the Lair.
 11657 | Lair:1   | Entered Level 1 of the Lair of Beasts
 11675 | Lair:1   | Received a gift from Okawaru
 11761 | Lair:1   | Reached ****** piety under Okawaru
 11763 | Lair:1   | Found a gate leading to a gauntlet.
 11781 | Gauntlet | Entered a Gauntlet
 11781 | Gauntlet | Found a transporter.
 11781 | Gauntlet | Found a runed translucent door.
 11781 | Gauntlet | Found a transporter.
 11783 | Gauntlet | Found a transporter.
 11783 | Gauntlet | Found the brooch of Shielding {Spirit SH+8}
 11785 | Gauntlet | Found a runed translucent door.
 11786 | Gauntlet | Found a transporter.
 11786 | Gauntlet | Found a transporter.
 11805 | Gauntlet | Found a transporter.
 11809 | Gauntlet | Found a transporter.
 11853 | Gauntlet | Found a transporter.
 11856 | Gauntlet | Found a transporter.
 11856 | Gauntlet | Found a transporter.
 11860 | Gauntlet | Noticed a death yak
 11862 | Gauntlet | Noticed a death yak
 11869 | Gauntlet | Noticed a hell hog
 11872 | Gauntlet | Found a transporter.
 11887 | Gauntlet | Found a transporter.
 11889 | Gauntlet | Noticed a death yak
 11910 | Gauntlet | Found a runed translucent gate.
 11911 | Gauntlet | Found a transporter.
 11911 | Gauntlet | Found a runed translucent gate.
 11912 | Gauntlet | Found a runed translucent gate.
 11916 | Gauntlet | Found a transporter.
 12238 | Gauntlet | Killed a hell hog
 12256 | Gauntlet | Identified the ring of Kimiviry {rF++ Str+3 Int+6 Dex-4}
 12280 | Gauntlet | Noticed a minotaur
 12287 | Gauntlet | Killed a minotaur
 12296 | Gauntlet | Acquired 651 gold pieces
 12547 | Lair:1   | Reached XP level 13. HP: 117/117 MP: 15/15
 12726 | Lair:1   | Received a gift from Okawaru
 12780 | Lair:1   | Reached skill level 16 in Long Blades
 13896 | Lair:2   | Noticed Harold
 13917 | Lair:2   | Killed Harold
 13934 | Lair:2   | Received a gift from Okawaru
 14103 | Lair:2   | Found a staircase to the Snake Pit.
 14359 | Lair:2   | You fall into a shaft and drop 2 floors!
 14710 | Lair:2   | Received a gift from Okawaru
 15675 | Lair:3   | Found a staircase to the Shoals.
 15696 | Lair:3   | Reached XP level 14. HP: 124/130 MP: 16/16
 16021 | Lair:4   | Reached skill level 17 in Long Blades
 16774 | Lair:4   | Reached skill level 15 in Armour
 17359 | D:3      | Killed dogaso222's ghost
 17495 | D:5      | Killed tadhg's ghost
 17780 | D:12     | Received a gift from Okawaru
 17850 | D:12     | Noticed Kirke
 17858 | D:12     | Killed Kirke
 17942 | D:12     | Found a broken altar of Ashenzari.
 17954 | D:12     | Noticed Rupert
 17954 | D:12     | Paralysed by Rupert for 3 turns
 17961 | D:12     | Paralysed by Rupert for 4 turns
 17972 | D:12     | Killed Rupert
 18223 | D:12     | Noticed Azrael
 18239 | D:12     | Killed Azrael
 18262 | D:12     | Received a gift from Okawaru
 18618 | D:12     | Found a staircase to the Orcish Mines.
 18809 | D:12     | Reached skill level 15 in Fighting
 18875 | D:12     | Found Xezeev's Assorted Antiques.
 18881 | D:12     | Bought a scroll of identify for 66 gold pieces
 18937 | Orc:1    | Entered Level 1 of the Orcish Mines
 18938 | Orc:1    | Found Restreni's Antique Weapon Boutique.
 18943 | Orc:1    | Noticed Josephine
 18960 | D:12     | Killed Josephine
 19005 | Orc:1    | Bought an ancient falchion for 192 gold pieces
 19005 | Orc:1    | Identified the +9 falchion "Sity Efu" {speed, Dex+3} (You
                  | bought it in a shop on level 1 of the Orcish Mines)
 19156 | Orc:1    | Noticed Urug
 19168 | Orc:1    | Killed Urug
 19168 | Orc:1    | Received a gift from Okawaru
 19429 | Orc:2    | Entered Level 2 of the Orcish Mines
 19435 | Orc:2    | Found a staircase to the Elven Halls.
 19994 | Orc:2    | Received a gift from Okawaru
 19995 | Orc:2    | Reached skill level 18 in Long Blades
 20069 | Orc:2    | Received a gift from Okawaru
 20070 | Orc:2    | Reached XP level 15. HP: 67/143 MP: 17/17
 20360 | Orc:2    | Found Sess's General Store.
 20360 | Orc:2    | Found Plog's Armour Boutique.
 20360 | Orc:2    | Found Gema's Antique Armour Boutique.
 20360 | Orc:2    | Found Exkeup's Weapon Emporium.
 20938 | D:13     | Found a gate to the Vaults.
 21814 | D:13     | Received a gift from Okawaru
 21843 | D:13     | Mangled by a war gargoyle

Illustrated notes

Levels and vault maps discovered:
D:1:      lightli_arrival_maybe_door_vault, layout_basic, minivault_19,
          chequers_avenue, kennysheep_another_room
D:2:      layout_basic, dreamdust_ecumenical_altar_drowned_temple,
          grunt_ministairs_6, kennysheep_generic_room_4, uniq_sigmund,
          uniq_robin
D:3:      layout_basic, mainiacjoe_overflow_concentric_impassable,
          elyvilon_altar_5, biasface_ghost_orc_armoury
D:4:      layout_cave_pools, kennysheep_little_box,
          mainiacjoe_overflow_tiny_flanked
D:5:      layout_basic, xom_redecorated, zin_statuary, gup_sewer_entry_bubbles,
          gammafunk_ghost_split, hangedman_abyss_or_decor_passed,
          minmay_misc_feat_alley
D:6:      layout_loops_ring, minmay_temple_entry_poolview
D:7:      minmay_slanted_spiral_squares, layout_basic, enter_bailey_5
D:8:      layout_layer_cave, nicolae_blasting_shop, uniq_pikel
D:9:      layout_long_grid, nicolae_ru_sacrificial_ziggurat
D:10:     layout_long_grid, kennysheep_generic_room_5
D:11:     layout_gridville, dpeg_oklobed_lair, special_room [special_room_orc],
          led_sif_pool, uniq_erica
D:12:     layout_cave_pools, orc_0_dummy, serial_shops, shop,
          serial_column_ruins, column_ruins_hut, column_ruins_hut_ruined,
          column_ruins_columns_straight, column_ruins_columns_straight,
          column_ruins_grid_2, column_ruins_grid_2, column_ruins_open_tiny,
          column_ruins_corridor_corner, column_ruins_open_medium,
          evilmike_ruin_ashenzari, uniq_azrael, uniq_rupert, uniq_kirke
D:13:     layout_cross, david_vaults_3, serial_shops, shop,
          nicolae_rejected_hall
Temple:   regret_index_temple_generic_petals
Lair:1:   layout_chaotic_city, gauntlet_entry_generic, grunt_megastairs_5,
          lemuel_fruit_fields
Lair:2:   kb_forest_paths, layout_gridlike, minmay_snake_entry_guardpost_small,
          lemuel_fruit_tree, uniq_harold
Lair:3:   layout_regular_city, minmay_shoals_entry_hut, columned_hall_lemuel,
          beast_lair_carwin_6, serial_bayou_shore_a
Lair:4:   layout_layer_cave, eino_house_with_fridge
Orc:1:    layout_diamond_mine, serial_shops, nicolae_square_shop,
          uniq_josephine, uniq_urug
Orc:2:    st_orc_ogre_mass, layout_diamond_mine

Skill      XL: |  1  2  3  4  5  6  7  8  9 10 11 12 13 14 15 |
---------------+----------------------------------------------+-----
Shields        | 4 5 6 7 8 9 10 11 12 13 | 13.6
Armour         | 4 5 6 7 9 10 11 13 14 15 16 | 16.3
Fighting       | 4 5 6 7 9 10 11 13 15 16 | 16.3
Long Blades    | 4 6 7 9 12 14 15 16 18 | 18.5
Dodging        | 1 2 3 4 |  4.3
Stealth        | 1 2 |  2.2
Invocations    | 3 4 |  4.1
Evocations     | 3 |  3.7

Action                     |  1- 3 |  4- 6 |  7- 9 | 10-12 | 13-15 || total
---------------------------+-------+-------+-------+-------+-------++-------
  Melee: Long sword        |    70 |   129 |    47 |       |       ||   246
         Headbutt          |     7 |    17 |    38 |   109 |   251 ||   422
         Falchion          |       |       |    87 |     5 |    32 ||   124
         Double sword      |       |       |    30 |    72 |       ||   102
         Demon blade       |       |       |   115 |   364 |   939 ||  1418
 Invoke: Heroism           |       |       |     1 |     1 |     3 ||     5
  Evoke: Wand              |       |       |     3 |       |    10 ||    13
    Use: Scroll            |     4 |     1 |    11 |    15 |     4 ||    35
         Potion            |     2 |       |     2 |     1 |     2 ||     7
 Armour: Scale mail        |    11 |       |       |       |       ||    11
         Chain mail        |    33 |    46 |       |       |       ||    79
         Plate armour      |       |    33 |   223 |   264 |   659 ||  1179
  Dodge: Dodged            |    48 |    56 |   155 |   177 |   482 ||   918
  Block: Buckler           |    14 |    39 |    93 |   122 |   333 ||   601
